 Dungeon Crawl Stone Soup version 0.30.1-9-gdf580d7c3d (webtiles) character file.

Game seed: 8548115001922647510

699 NSwizard01 the Ogre Mage (level 7, -21/100 HPs)
             Began as an Ogre Fire Elementalist on Sept 30, 2023.
             Demolished by a shadow (30 damage)
             ... on level 4 of the Dungeon.
             The game lasted 00:13:53 (4196 turns).

NSwizard01 the Ogre Mage (Ogre Fire Elementalist)   Turns: 4196, Time: 00:13:53

Health: -21/100    AC:  6    Str: 15    XL:     7   Next: 65%
Magic:  2/18       EV:  9    Int: 16    God:
Gold:   167        SH:  0    Dex:  9    Spells: 20/22 levels left

rFire   . . .        n - +1 scythe (venom)
rCold   . . .        (shield currently unavailable)
rNeg    . . .        a - +0 robe
rPois   .            (helmet restricted)
rElec   .            t - +2 cloak
rCorr   .            (gloves unavailable)
SInv    .            (boots unavailable)
Will    .....        (no amulet) Stlth
                     (no ring)
HPRegen 0.36/turn    (no ring)
MPRegen 0.16/turn

%: no passive effects
@: berserking, hasted, studying Stealth, very quick
A: large, unfitting armour, tough skin 1
a: no special abilities


You were on level 4 of the Dungeon.
You visited 1 branch of the dungeon, and saw 5 of its levels.

You collected 167 gold pieces.

Inventory:

Hand Weapons
 d - a +2 mace
 n - a +1 scythe of venom (weapon)
Missiles
 m - a throwing net
Armour
 a - a +0 robe (worn)
 t - a +2 cloak (worn)
Wands
 q - a wand of polymorph (8)
Scrolls
 e - a scroll of fear
 i - 2 scrolls of immolation
 j - a scroll of torment {unknown}
 k - a scroll of noise {unknown}
 l - a scroll of blinking {unknown}
 p - a scroll of vulnerability
 r - a scroll of fog {unknown}
 v - a scroll of amnesia
Potions
 b - 2 potions of magic
 g - a potion of resistance
 o - 3 potions of curing
 u - a potion of attraction
 w - a potion of might {unknown}
 x - a potion of lignification {unknown}


   Skills:
 + Level 3.3 Fighting
 + Level 2.1 Polearms
 - Level 1.7 Dodging
 + Level 1.5 Stealth
 + Level 8.3 Spellcasting
 - Level 0.8 Conjurations
 - Level 2.6 Fire Magic


You had 20 spell levels left.
You knew the following spells:

 Your Spells              Type           Power      Damage    Failure   Level
b - Scorch                Fire           30%        2d6       5%          2

Your spell library contained the following spells:

 Spells                   Type           Power      Damage    Failure   Level
 Foxfire                  Conj/Fire      48%        2x1d6     5%          1
 Inner Flame              Hex/Fire       10%        N/A       19%         3
 Volatile Blastmotes      Fire/Tloc      20%        2d11      19%         3
 Flame Wave               Conj/Fire      12%        2d6       45%         4
 Chain Lightning          Conj/Air       4%         3d5       100%        9
 Fire Storm               Conj/Fire      6%         8d2       100%        9
 Shatter                  Erth           3%         3d7*      100%        9


Dungeon Overview and Level Annotations

Branches:
Dungeon (5/15)
 Temple: D:4-7

Altars:
Dithmenos
Okawaru

Shops:
D:3 [   D:5 =


Innate Abilities, Weirdness & Mutations

You are too large for most types of armour.
You have tough skin. (AC +1)


Message History

The shadow is moderately damaged.
The hound bites you but does no damage. The hound barely misses you.
The shadow barely misses you.
The hound bites you but does no damage. x2
The shadow closely misses you.
You completely miss the shadow.
The shadow is moderately damaged.
The hound bites you. The hound barely misses you.
The shadow slips into darkness.
The shadow flickers and vanishes!
Deactivating autopickup; reactivate with Ctrl-A.
The hound bites you. The hound closely misses you.
Sorry, you're not good enough to have a special ability.
You feel yourself speed up.
The hound bites you but does no damage. x2
The shadow strikes at you from the darkness!
* * * LOW HITPOINT WARNING * * *
Reactivating autopickup.
You feel much better. The hound bites you.
The hound bites you but does no damage. The shadow hits you!
* * * LOW HITPOINT WARNING * * *
You miss the hound. The hound bites you.
* * * LOW HITPOINT WARNING * * *
The hound misses you. The hound bites you.
* * * LOW HITPOINT WARNING * * *
The hound barely misses you.
As you read the scroll of fear, it crumbles to dust.
You assume a fearsome visage.
The shadow is unaffected.
The hound looks frightened! x2; The shadow completely misses you.
Okay, then.
Okay, then.
A red film seems to cover your vision as you go berserk!
You feel yourself moving faster!
You feel mighty! The shadow hits you!
* * * LOW HITPOINT WARNING * * *
You slash the shadow!
The shadow is almost destroyed.
The shadow slips into darkness.
The shadow flickers and vanishes!
Deactivating autopickup; reactivate with Ctrl-A.
You barely miss something.
The shadow strikes at you from the darkness!
You die...

....+...#.....'...#..#.#
....#.........#####..#.#
.#####...............#.# ยง#
####.#####.....h#.##########
## #..## #......#...........
# ##..###.....h.....######.
# ##......#...........# #. #
######{..######.##.# #. #
#@..# #.##.# #. #
##########.##.###. #
#.....#........
##.##......###. #.##.##.#.#
## #.##.##.#####.
#.##....##....
#....#####.##) ####.# #.##.


You could see 2 hounds.

Vanquished Creatures
  Sigmund (D:2)
  An ice beast (D:4)
  An ogre (D:4)
  A centaur (D:4)
  A scorpion (D:4)
  A jelly (D:4)
  Jessica (D:2)
  2 iguanas (D:5)
  4 adders
  An ufetubus (D:5)
  A worm (D:2)
  A dart slug (D:3)
  2 orcs
  5 ball pythons
  12 endoplasms
  3 giant cockroaches
  6 goblins
  6 hobgoblins
  2 jackals (D:2)
  7 quokkas
  4 bats
  3 frilled lizards
  9 kobolds
  6 rats
81 creatures vanquished.

Vanquished Creatures (others)
  7 foxfires
7 creatures vanquished.

Grand Total: 88 creatures vanquished

Notes
Turn   | Place    | Note
-------+----------+-------------------------------------------
     0 | D:1      | NSwizard01 the Ogre Fire Elementalist began the quest for
                  | the Orb.
     0 | D:1      | Reached XP level 1. HP: 16/16 MP: 3/3
   179 | D:1      | Found a faded altar of an unknown god.
   186 | D:1      | Reached skill level 3 in Spellcasting
   188 | D:1      | Reached XP level 2. HP: 18/24 MP: 4/6
   418 | D:1      | Learned a level 2 spell: Scorch
   774 | D:1      | Reached skill level 1 in Fighting
   876 | D:1      | Reached XP level 3. HP: 33/33 MP: 5/8
  1159 | D:2      | Noticed Sigmund
  1167 | D:2      | Killed Sigmund
  1168 | D:2      | Reached skill level 5 in Spellcasting
  1168 | D:2      | Reached XP level 4. HP: 32/44 MP: 2/11
  1168 | D:2      | Reached XP level 5. HP: 36/50 MP: 2/13
  1387 | D:2      | Found an iron altar of Okawaru.
  1643 | D:2      | Reached skill level 6 in Spellcasting
  1764 | D:2      | Noticed Jessica
  1772 | D:2      | Killed Jessica
  1773 | D:2      | Reached XP level 6. HP: 61/61 MP: 8/15
  1858 | D:2      | Reached skill level 1 in Polearms
  2175 | D:3      | Identified the +2 dagger of Citsyvil {freeze, Str+3 Int+2}
  2183 | D:3      | Found Obbipn's Antique Armour Boutique.
  3111 | D:5      | Entered Level 5 of the Dungeon
  3111 | D:5      | Found Oddes's Jewellery Boutique.
  3163 | D:4      | Noticed an ice beast
  3169 | D:4      | Killed an ice beast
  3441 | D:4      | Found a shadowy altar of Dithmenos.
  3714 | D:4      | Reached skill level 7 in Spellcasting
  3714 | D:4      | Reached XP level 7. HP: 41/67 MP: 7/17
  3956 | D:4      | Reached skill level 8 in Spellcasting
  4175 | D:5      | Noticed a shadow
  4196 | D:4      | Demolished by a shadow

Illustrated notes

Levels and vault maps discovered:
D:1:      tekkud_arrival_beachfront_property, layout_loops_ring,
          hellmonk_ecumenical_altar_blasted
D:2:      layout_basic, basic_altar, uniq_jessica, uniq_sigmund
D:3:      layout_loops_ring, serial_shops,
          nicolae_shop_temple_entry_statues_fountains
D:4:      layout_basic, grunt_dithmenos_smoke, minmay_manual_mullet
D:5:      kennysheep_slugbush, layout_cave_pools, serial_shops,
          nicolae_stop_n_shop_1, nicolae_shop_rolled_up,
          nicolae_shop_real_fake_doors, nicolae_shop_just_a_little_nook,
          nicolae_shop_stone

Skill      XL: |  1  2  3  4  5  6  7 |
---------------+----------------------+-----
Spellcasting   | 3 5 6 7 8 |  8.3
Fighting       | 1 2 3 |  3.3
Polearms       | 2 |  2.1
Dodging        | |  1.7
Stealth        | |  1.5
Conjurations   | |  0.8
Fire Magic     | |  2.6

Action                     |  1- 3 |  4- 6 |  7- 9 || total
---------------------------+-------+-------+-------++-------
  Melee: Mace              |    54 |       |       ||    54
         Halberd           |       |    40 |     6 ||    46
   Cast: Foxfire           |     5 |     1 |       ||     6
         Scorch            |    15 |    50 |    17 ||    82
    Use: Scroll            |     2 |     6 |     2 ||    10
         Potion            |       |     2 |     3 ||     5
   Stab: Sleeping          |       |     1 |       ||     1
 Armour: Robe              |    17 |    17 |     9 ||    43
  Dodge: Dodged            |    32 |    28 |    21 ||    81
